Map: Ever Dream LE

Players

Vindicta

  • Race: Terran Terran
  • League: Master
  • Spawn Location: 1:00

JonSnow - Winner!

  • Race: Zerg Zerg
  • League: Master
  • Spawn Location: 7:00

Event: DreamHack SC2 Masters 2020 Summer North America

VOD

Have the link to the VOD?

Description

Time

  • Played on: July 5, 2020, 3:38 p.m.
  • Length: 29:18

All games in this series

Show
View Real Time Build Order
Export as new Build Order

Vindicta Terran 

Build Orders: Reaper Expand, Hellion Banshee 

Get SALT Encoding   

  12  0:01  SCV  
  13  0:13  SCV  
  14  0:17  Supply Depot  
  14  0:25  SCV  
  15  0:38  SCV  
  15  0:41  Barracks  
  16  0:48  Refinery  
  16  0:51  SCV  
  17  1:03  SCV  
  18  1:15  SCV  
  19  1:28  Orbital Command  
  19  1:32  Reaper  
  20  1:43  Command Center  
  20  1:50  Supply Depot  
  20  1:54  SCV  
  21  2:03  Marine  
  21  2:06  SCV  
  23  2:15  Factory  
  23  2:18  SCV, Refinery  
  24  2:26  Barracks Reactor  
  24  2:30  SCV  
  25  2:42  SCV  
  26  2:54  SCV  
  26  2:55  Orbital Command  
  27  2:59  Starport  
  27  3:07  SCV  
  27  3:08  Hellion x2  
  27  3:09  Barracks Tech Lab  
  32  3:19  SCV  
  33  3:21  SCV  
  33  3:25  Supply Depot  
  34  3:30  Hellion x2  
  34  3:31  SCV  
  34  3:33  SCV  
  40  3:41  Banshee, Barracks Tech Lab  
  40  3:43  SCV, Cloaking Field  
  45  3:51  Supply Depot  
  45  3:55  SCV  
  45  3:56  Hellion x2  
  45  3:57  SCV  
  45  4:01  Stimpack  
  50  4:07  SCV  
  52  4:10  SCV  
  52  4:24  SCV, Banshee  
  52  4:25  SCV  
  52  4:28  Command Center  
  57  4:32  Supply Depot, Factory Reactor  
  57  4:36  SCV  
  58  4:42  SCV  
  59  4:48  Barracks  
  59  4:49  Barracks  
  59  4:50  SCV, Engineering Bay  
  59  4:51  Engineering Bay  
  60  4:55  Supply Depot  
  60  4:56  Marine  
  61  5:01  SCV  
  61  5:04  Refinery  
  61  5:05  Refinery  
  62  5:12  SCV  
  63  5:18  Terran Infantry Weapons Level 1  
  63  5:19  Starport Reactor  
  63  5:20  SCV  
  63  5:21  Marine  
  65  5:24  SCV  
  66  5:30  Terran Infantry Armor Level 1  
  66  5:35  Marine  
  67  5:40  Marine  
  67  5:41  SCV x2, Combat Shield  
  67  5:42  Orbital Command  
  69  5:46  Supply Depot  
  69  5:49  Missile Turret x2  
  66  5:50  Siege Tank  
  66  5:52  Marine  
  66  5:54  Marine x2  
  66  5:56  Medivac  
  73  5:57  Orbital Command  
  73  6:00  Medivac  
  73  6:01  SCV  
  73  6:03  Supply Depot, Marine x2  
  78  6:06  SCV  
  78  6:10  Marine  
  80  6:12  Marine x2  
  82  6:21  Barracks  
  82  6:24  SCV, Barracks  
  82  6:25  SCV  
  84  6:30  Missile Turret  
  84  6:31  Supply Depot  
  84  6:32  Siege Tank  
  87  6:33  Marine  
  87  6:35  Marine  
  87  6:39  SCV x2  
  85  6:40  SCV  
  85  6:43  Marine x3  
  84  6:51  Marine  
  84  6:52  Medivac  
  84  6:53  Liberator  
  84  6:54  SCV x2  
  91  6:57  Marine  
  93  7:01  Marine  
  93  7:03  SCV  
  93  7:05  Bunker  
  93  7:06  SCV  
  93  7:07  Bunker, Siege Tank  
  99  7:10  Concussive Shells, Barracks Tech Lab  
  99  7:12  Barracks Reactor, SCV  
  100  7:17  Marine  
  100  7:18  Armory  
  100  7:21  SCV, Marauder  
  104  7:22  Marine  
  104  7:25  Marine  
  104  7:27  Marine  
  107  7:30  Liberator  
  107  7:31  Marine  
  107  7:33  SCV  
  107  7:35  Refinery, Marine  
  113  7:39  Factory  
  113  7:40  Supply Depot  
  113  7:41  Marine  
  113  7:47  Marine  
  113  7:48  Marauder, Marine  
  113  7:49  Marine x2  
  122  7:52  SCV  
  122  7:55  Marine  
  122  7:57  Supply Depot  
  122  7:58  Supply Depot  
  124  8:01  Marine  
  124  8:02  Supply Depot, Marauder  
  125  8:08  Siege Tank  
  125  8:09  Marauder  
  125  8:11  Marine  
  123  8:16  Medivac  
  123  8:19  Marine x2  
  112  8:21  SCV  
  112  8:22  Marine  
  112  8:23  Marauder, Marine  
  114  8:27  Marine  
  114  8:29  Orbital Command, Marine  
  118  8:36  Marine x2  
  118  8:40  Marine x2, Siege Tank  
  122  8:45  Terran Infantry Weapons Level 2  
  122  8:46  Terran Infantry Armor Level 2  
  122  8:47  Factory Tech Lab  
  120  8:52  SCV x2  
  120  8:53  Marauder, Marine  
  126  8:58  Terran Vehicle Weapons Level 1, Marine  
  126  9:00  Marine  
  127  9:04  SCV x3  
  130  9:11  Supply Depot  
  130  9:12  Supply Depot  
  130  9:14  Supply Depot  
  130  9:16  SCV x2  
  133  9:21  SCV  
  133  9:23  Marine  
  137  9:34  Marine, Siege Tank  
  137  9:37  Marine x2  
  142  9:38  Liberator  
  142  9:39  Command Center  
  142  9:42  Liberator  
  144  9:48  Marauder, Marine  
  144  9:50  Marine  
  150  9:52  Siege Tank  
  150  9:53  Marine  
  150  9:54  SCV  
  150  9:55  Marine  
  150  9:57  Refinery, Marine  
  150  9:58  Marine  
  154  10:06  Marine  
  154  10:07  SCV  
  147  10:08  Supply Depot  
  147  10:12  Siege Tank  
  148  10:16  Marauder  
  148  10:17  Marine  
  146  10:21  Medivac  
  146  10:22  Marine, Sensor Tower  
  146  10:23  Marauder  
  146  10:25  Medivac  
  153  10:37  Marauder  
  153  10:38  Marine, Siege Tank  
  153  10:40  Marine x2  
  153  10:42  SCV x2  
  163  10:44  Marauder  
  163  10:45  SCV  
  163  10:46  Marine  
  163  10:47  Marine  
  163  10:49  Marine  
  169  10:56  Marine  
  169  10:57  Siege Tank  
  173  10:58  Marauder  
  173  11:00  Marine  
  173  11:02  Medivac  
  178  11:08  Marine x2  
  178  11:10  Medivac  
  181  11:20  Siege Tank  
  181  11:21  Marine x2  
  181  11:22  Terran Vehicle Weapons Level 2  
  184  11:29  Terran Infantry Weapons Level 3  
  179  11:38  Marine  
  180  11:41  Barracks  
  180  11:43  Refinery, Barracks  
  179  11:49  Marine  
  179  11:54  Siege Tank  
  175  12:02  Marine  
  175  12:03  Marauder, Marine  
  175  12:04  Marine x2  
  175  12:05  Marauder  
  175  12:06  Marine  
  183  12:10  Marine, Siege Tank  
  173  12:16  Medivac  
  173  12:17  Medivac  
  173  12:20  Marine  
  173  12:21  Marine  
  171  12:22  Marine  
  171  12:23  Marine  
  171  12:24  Marauder, Marine  
  171  12:26  Marauder  
  171  12:28  Marine  
  179  12:31  Barracks Tech Lab  
  179  12:35  Terran Infantry Armor Level 3  
  179  12:38  Marine  
  179  12:39  Marine  
  179  12:40  Marine  
  179  12:41  Siege Tank  
  178  12:45  Refinery, Ghost Academy  
  178  12:46  Refinery  
  178  12:55  Planetary Fortress  
  178  12:57  Command Center  
  177  13:00  Barracks Tech Lab  
  177  13:01  SCV  
  177  13:02  SCV  
  177  13:04  SCV  
  177  13:05  Medivac  
  181  13:14  Marauder  
  181  13:15  Marauder, Marine  
  181  13:18  Siege Tank  
  181  13:19  Marine x3  
  162  13:23  Marine  
  162  13:24  Marauder  
  162  13:25  SCV  
  162  13:26  SCV x2  
  161  13:31  SCV  
  162  13:34  Ghost  
  162  13:37  SCV  
  167  13:42  Ghost  
  167  13:45  Ghost  
  171  13:48  Personal Cloaking  
  171  13:54  Sensor Tower  
  169  13:56  Ghost  
  169  13:58  SCV x3  
  169  13:59  Missile Turret  
  169  14:00  SCV  
  175  14:03  Ghost  
  177  14:14  Ghost  
  177  14:16  Ghost  
  177  14:18  SCV x2  
  183  14:31  Ghost  
  183  14:32  Terran Ship Weapons Level 1  
  183  14:33  Viking  
  183  14:37  Siege Tank  
  187  14:44  Missile Turret  
  187  14:45  Ghost  
  189  14:46  Ghost  
  189  14:51  Planetary Fortress  
  189  14:53  Unknown  
  189  14:55  Siege Tank  
  167  15:07  Ghost  
  167  15:08  Marauder, Marine x2  
  167  15:10  Siege Tank  
  167  15:14  Marauder, Marine x3  
  135  15:15  Marine x2  
  134  15:26  Marine x2  
  134  15:31  Marine  
  134  15:32  Marine x3  
  137  15:36  Marine  
  137  15:38  Siege Tank  
  137  15:42  Siege Tank  
  134  15:43  Marine  
  134  15:44  Marine  
  134  15:46  Nuke  
  134  15:49  Marine  
  134  15:50  Marine x3  
  134  15:55  Command Center, Marine  
  134  15:56  Marauder x2, Marine  
  136  16:01  Marine  
  136  16:03  Marine  
  138  16:07  SCV x4  
  138  16:10  Siege Tank  
  144  16:16  Siege Tank  
  147  16:18  Marine  
  147  16:19  SCV, Marauder  
  147  16:21  Ghost  
  153  16:32  Ghost x2  
  151  16:40  Ghost Academy  
  151  16:41  Ghost  
  151  16:42  Siege Tank  
  156  16:49  Ghost  
  156  16:53  Siege Tank  
  157  17:00  Ghost x2  
  159  17:05  Marine x3  
  160  17:09  Ghost  
  160  17:10  SCV x2  
  160  17:13  Marine  
  160  17:15  Marine  
  166  17:18  Marine  
  166  17:19  Marauder  
  166  17:21  Nuke  
  169  17:24  Terran Vehicle And Ship Armor Level 1  
  169  17:27  Viking  
  173  17:30  Marauder  
  159  17:41  Orbital Command  
  159  17:42  Siege Tank  
  104  17:46  Marine  
  104  17:47  Marauder x3, Marine x2  
  104  17:48  SCV x3  
  104  17:49  Nuke  
  111  18:00  SCV  
  113  18:09  Siege Tank  
  117  18:17  SCV x2  
  117  18:23  SCV  
  117  18:25  Marine  
  120  18:29  Planetary Fortress  
  120  18:31  SCV, Marine  
  120  18:33  Marine  
  121  18:35  Marine  
  121  18:40  SCV  
  123  18:43  Siege Tank  
  123  18:47  Marauder  
  128  18:52  Ghost  
  128  18:54  SCV  
  132  18:58  Marine x2  
  132  18:59  Marauder, Marine  
  132  19:02  Marine  
  135  19:03  Nuke  
  135  19:04  SCV  
  135  19:05  SCV x2  
  135  19:07  SCV  
  135  19:08  SCV  
  138  19:11  Marine  
  138  19:13  Siege Tank  
  138  19:17  SCV, Nuke  
  141  19:20  SCV  
  141  19:22  SCV  
  142  19:28  Marine  
  142  19:31  SCV, Liberator  
  140  19:39  Marauder, Marine  
  140  19:41  Siege Tank  
  140  19:42  Ghost  
  145  19:49  Ghost  
  147  19:55  Ghost  
  147  19:57  Siege Tank  
  152  20:01  Marine  
  152  20:02  Marauder  
  155  20:11  Ghost  
  155  20:15  Marine x2  
  155  20:18  Ghost  
  155  20:19  Nuke  
  157  20:23  Marauder  
  157  20:25  Ghost  
  158  20:31  SCV  
  158  20:34  Marine x2  
  149  20:35  Medivac  
  149  20:37  Orbital Command  
  149  20:40  Marauder  
  151  20:44  Ghost  
  151  20:46  Marine  
  151  20:49  SCV x2  
  156  20:50  SCV  
  159  21:03  Nuke  
  161  21:04  Refinery, Nuke  
  161  21:07  Marine  
  161  21:08  Refinery  
  161  21:10  Bunker, Neosteel Armor  
  161  21:11  Marauder x2, Marine x2  
  158  21:12  Bunker  
  158  21:15  Marauder  
  158  21:16  Marine  
  165  21:19  SCV x2  
  165  21:20  SCV  
  165  21:23  Marine  
  165  21:24  Marauder  
  171  21:27  Sensor Tower  
  171  21:28  SCV  
  171  21:31  SCV  
  171  21:35  Terran Vehicle Weapons Level 3  
  171  21:37  Ghost  
  173  21:42  SCV  
  173  21:44  Marine  
  173  21:45  Marauder  
  173  21:46  Marine  
  179  22:00  Marine x3  
  179  22:01  Missile Turret, Marine  
  185  22:03  Missile Turret  
  185  22:04  Medivac x2  
  185  22:07  Nuke  
  187  22:21  Command Center, Siege Tank  
  188  22:25  Siege Tank  
  190  22:33  Medivac  
  175  22:40  Ghost x2  
  179  22:44  Orbital Command  
  179  22:47  Marine  
  179  22:48  Marauder  
  174  22:53  Siege Tank  
  174  22:57  Siege Tank  
  149  23:06  Orbital Command  
  149  23:15  Orbital Command  
  149  23:23  Ghost  
  149  23:24  Marine  
  149  23:25  Marauder, Siege Tank  
  157  23:29  Nuke  
  157  23:30  Hellion  
  161  23:42  Marine  
  162  23:51  Siege Tank  
  162  23:54  Marine  
  160  23:57  Ghost, Siege Tank  
  160  24:02  Nuke  
  161  24:17  Nuke  
  161  24:23  Siege Tank  
  164  24:28  Marine  
  164  24:29  Marine x4, Siege Tank  
  164  24:30  Refinery  
  167  24:32  Marine  
  168  24:44  SCV x5  
  171  24:55  Marine, Siege Tank  
  171  24:56  SCV x4  
  172  25:01  Siege Tank  
  172  25:03  Ghost  
  177  25:08  Marine  
  177  25:09  Marauder  
  180  25:17  Marine  
  180  25:18  Marauder  
  183  25:24  Marine  
  183  25:27  Siege Tank  
  183  25:28  Refinery  
  187  25:30  Medivac, Refinery, Marine x3  
  187  25:31  Marauder x2  
  187  25:34  Siege Tank  
  199  25:36  Missile Turret  
  195  25:44  Planetary Fortress, Missile Turret  
  195  25:45  Missile Turret  
  195  25:53  Viking  
  195  25:56  Ghost  
  199  26:07  Terran Ship Weapons Level 2  
  199  26:11  Starport  
  199  26:12  Starport  
  199  26:17  Ghost  
  195  26:19  Ghost  
  195  26:20  Siege Tank  
  195  26:22  Ghost  
  195  26:24  Ghost  
  193  26:35  Siege Tank  
  193  26:38  Orbital Command  
  190  26:42  Viking  
  190  26:45  Marine  
  190  26:46  Ghost, Orbital Command  
  189  26:48  Ghost  
  189  26:49  Marine x2  
  189  26:51  Marauder  
  189  26:54  Marauder  
  189  27:05  Orbital Command, Nuke  
  188  27:12  Ghost, Siege Tank  
  193  27:20  Enhanced Shockwaves  
  186  27:26  Marine  
  186  27:28  SCV x4  
  191  27:36  SCV x2  
  193  27:38  Missile Turret  
  193  27:39  Missile Turret  
  193  27:45  Ghost  
  189  27:55  Liberator x2  
  183  28:00  Siege Tank  
  168  28:07  Marine  
  165  28:13  Ghost  
  158  28:31  Marine x7  
  158  28:32  Marine x2  
  147  28:37  Siege Tank  
  147  28:38  Viking x2  
  140  28:42  Orbital Command, Marine  
  121  28:49  Marine x9  
  120  28:59  Marine  
Show
View Real Time Build Order
Export as new Build Order

JonSnow Zerg - Winner!

Build Orders: Hatch First 

Get SALT Encoding   

  12  0:00  Drone  
  13  0:12  Overlord  
  13  0:16  Drone  
  14  0:31  Drone x2  
  16  0:49  Hatchery  
  15  0:52  Drone  
  15  0:56  Drone  
  17  1:00  Drone  
  18  1:08  Extractor  
  17  1:17  Spawning Pool  
  17  1:18  Drone  
  17  1:21  Drone  
  18  1:28  Drone  
  19  1:39  Drone  
  20  1:50  Overlord  
  20  2:04  Queen x2  
  20  2:05  Zergling x4  
  26  2:09  Metabolic Boost  
  26  2:13  Zergling x2  
  27  2:18  Drone  
  27  2:21  Drone  
  29  2:23  Drone  
  30  2:35  Hatchery  
  29  2:37  Drone  
  29  2:40  Drone  
  31  2:45  Drone  
  32  2:51  Overlord  
  32  2:55  Queen  
  34  3:03  Overlord  
  34  3:05  Drone x2  
  36  3:14  Drone x4  
  36  3:17  Drone x2  
  36  3:19  Drone  
  43  3:30  Zergling x4  
  43  3:31  Queen  
  48  3:34  Drone x2  
  48  3:40  Overlord  
  49  3:45  Drone  
  49  3:47  Queen  
  52  3:49  Lair  
  52  3:50  Drone  
  52  3:52  Drone  
  54  3:56  Drone x2  
  54  3:58  Drone  
  54  3:59  Drone  
  54  4:00  Zergling x2  
  58  4:04  Drone  
  58  4:06  Drone x3  
  62  4:13  Spore Crawler, Queen  
  62  4:15  Drone  
  64  4:17  Spore Crawler  
  64  4:19  Spore Crawler  
  62  4:24  Overlord  
  62  4:29  Overlord  
  62  4:31  Overlord  
  62  4:32  Extractor  
  62  4:34  Overlord, Extractor  
  60  4:41  Overlord  
  60  4:44  Drone x5  
  65  4:47  Overseer  
  65  4:48  Drone x3  
  65  4:52  Drone x3  
  71  5:05  Roach Warren  
  71  5:06  Drone x5  
  75  5:10  Drone  
  75  5:12  Drone x3  
  75  5:14  Drone x2  
  81  5:18  Extractor  
  81  5:19  Evolution Chamber  
  81  5:20  Evolution Chamber  
  78  5:21  Drone  
  79  5:28  Extractor  
  72  5:39  Drone x6  
  72  5:40  Drone  
  78  5:45  Drone, Glial Reconstitution  
  78  5:46  Zerg Missile Weapons Level 1, Zerg Ground Armor Level 1  
  78  5:47  Drone x4  
  83  5:53  Overlord, Extractor  
  83  5:54  Overlord  
  82  5:59  Overlord  
  82  6:06  Overlord  
  82  6:13  Roach x5  
  82  6:15  Hatchery  
  82  6:18  Roach x3  
  97  6:26  Roach x5  
  106  6:39  Drone x3  
  106  6:41  Roach x2  
  106  6:42  Roach x3  
  116  6:47  Ravager x2  
  116  6:48  Ravager x2  
  120  6:54  Overseer  
  120  6:56  Roach  
  120  6:57  Roach x4  
  120  6:59  Overlord  
  130  7:06  Overlord x4  
  129  7:08  Overlord  
  129  7:13  Overlord  
  129  7:16  Overlord  
  129  7:23  Roach x4  
  129  7:26  Overlord  
  129  7:28  Roach  
  129  7:29  Roach x4  
  147  7:35  Roach x3  
  153  7:45  Ravager  
  153  7:47  Roach  
  153  7:48  Roach x5  
  153  7:50  Ravager x6  
  170  8:07  Roach x10  
  181  8:13  Roach x4  
  173  8:21  Roach x5  
  181  8:29  Roach x5  
  191  8:36  Drone x2  
  191  8:37  Drone x3  
  183  8:42  Zerg Melee Weapons Level 1  
  183  8:45  Drone x2, Baneling Nest  
  183  8:46  Drone  
  183  8:47  Queen  
  187  8:48  Drone  
  187  8:52  Infestation Pit  
  187  8:58  Unknown  
  187  9:01  Drone  
  187  9:05  Drone x3  
  187  9:06  Drone  
  187  9:07  Hatchery  
  187  9:09  Zerg Ground Armor Level 2  
  190  9:19  Overlord  
  190  9:30  Centrifical Hooks  
  190  9:32  Zergling x2, Hive  
  190  9:36  Overlord, Overseer  
  189  9:46  Zergling x24  
  197  9:57  Spire  
  196  10:04  Zergling x10  
  197  10:10  Drone x2  
  194  10:17  Burrow  
  194  10:20  Overseer  
  193  10:27  Drone x6  
  199  10:38  Zerg Melee Weapons Level 2  
  199  10:44  Adrenal Glands  
  199  10:45  Ultralisk Cavern  
  198  10:54  Ravager  
  198  10:56  Baneling x5  
  198  10:57  Baneling x14  
  199  11:02  Spore Crawler  
  195  11:04  Zergling x2  
  195  11:05  Zergling x12  
  197  11:30  Zerg Ground Armor Level 3  
  196  11:33  Viper  
  196  11:36  Ravager  
  196  11:37  Roach x3  
  200  11:44  Chitinous Plating  
  199  11:53  Zerg Flyer Weapons Level 1  
  188  12:02  Corruptor x3  
  190  12:11  Hatchery  
  190  12:13  Viper  
  173  12:18  Ultralisk  
  173  12:19  Ultralisk x2  
  173  12:20  Zergling x18  
  173  12:21  Zergling x30  
  199  12:26  Zergling x14  
  199  12:29  Ravager x2  
  199  12:41  Zergling x4  
  199  12:42  Hatchery  
  194  12:45  Baneling  
  194  12:46  Ravager x3, Baneling x11  
  194  12:47  Ravager x2  
  199  12:55  Overlord  
  199  12:57  Zerg Melee Weapons Level 3  
  198  13:03  Anabolic Synthesis  
  193  13:07  Zergling x2  
  193  13:08  Zergling x8  
  192  13:15  Zergling x12  
  169  13:22  Zergling x2, Ultralisk x3  
  169  13:23  Zergling x12  
  183  13:30  Baneling x10  
  183  13:32  Zergling x14  
  190  13:37  Zergling x6  
  190  13:41  Drone x5  
  197  13:59  Extractor  
  197  14:00  Extractor  
  195  14:06  Hatchery  
  195  14:09  Baneling x5  
  192  14:16  Corruptor x7  
  198  14:20  Baneling x8  
  198  14:38  Overseer  
  198  14:41  Zergling x4  
  190  15:04  Zergling x40  
  186  15:07  Zergling x18  
  186  15:08  Zergling x8  
  186  15:11  Ultralisk  
  186  15:12  Ultralisk  
  181  15:14  Zergling x4  
  181  15:20  Zergling x12  
  178  15:24  Zergling x4, Ultralisk x2  
  177  15:28  Corruptor x2  
  176  15:36  Roach  
  176  15:38  Zergling x16  
  168  15:46  Zergling x8, Ultralisk  
  158  15:51  Zergling x10  
  159  15:58  Zergling x14  
  167  16:04  Drone x3  
  167  16:09  Drone x6  
  174  16:11  Overseer  
  174  16:12  Overseer  
  174  16:14  Baneling x7  
  172  16:33  Hatchery  
  171  16:43  Zergling x44  
  171  16:46  Pneumatized Carapace  
  193  16:48  Overseer  
  192  17:07  Zergling x2  
  192  17:08  Zergling x14  
  200  17:12  Hatchery, Baneling x17  
  199  17:16  Hatchery  
  198  17:24  Baneling x5  
  198  17:27  Zergling x2  
  169  17:38  Zergling x30  
  169  17:40  Zergling x2  
  169  17:43  Zergling x10  
  144  17:51  Zergling x16  
  149  18:01  Overseer  
  149  18:10  Baneling  
  149  18:11  Baneling x2  
  148  18:13  Overseer  
  148  18:18  Drone x14  
  162  18:32  Baneling x7  
  162  18:33  Baneling  
  161  18:45  Overlord  
  161  18:48  Ultralisk x2  
  172  18:51  Extractor, Corruptor x5  
  172  18:52  Extractor  
  180  19:00  Ultralisk  
  180  19:02  Drone x3  
  189  19:03  Extractor x2  
  187  19:20  Spore Crawler  
  187  19:22  Spine Crawler  
  180  19:31  Zergling x2  
  180  19:32  Zergling x20  
  180  19:34  Zerg Flyer Weapons Level 2  
  191  19:38  Drone x2  
  191  19:43  Spore Crawler  
  191  19:44  Spine Crawler  
  179  20:24  Corruptor x4  
  179  20:26  Zergling x10  
  179  20:27  Zergling x14  
  199  20:35  Hatchery, Overlord x4  
  197  21:01  Baneling x25  
  197  21:10  Drone x3  
  200  21:12  Spore Crawler  
  200  21:13  Spine Crawler  
  195  21:23  Zergling x10  
  200  21:31  Baneling x4  
  196  21:36  Zergling x8  
  196  21:37  Extractor  
  199  21:51  Overseer  
  198  21:54  Zerg Flyer Weapons Level 3  
  193  22:17  Zergling x14  
  194  22:40  Zergling x8  
  194  22:41  Zergling x4  
  200  22:44  Overseer x3  
  191  22:54  Zergling x2  
  191  22:55  Zergling x42  
  191  22:57  Zergling x8  
  171  23:06  Pathogen Glands  
  168  23:22  Baneling  
  168  23:23  Ultralisk x2, Baneling x9  
  179  23:29  Zergling x42  
  189  23:56  Hatchery  
  189  24:00  Spore Crawler x2  
  183  24:03  Zergling x26  
  185  24:21  Drone x5, Extractor x2  
  181  24:37  Infestor x4  
  189  24:41  Baneling x10  
  189  24:42  Zergling x20  
  199  24:47  Greater Spire  
  186  25:15  Corruptor x2  
  186  25:16  Corruptor  
  186  25:17  Infestor x4  
  198  25:33  Spore Crawler  
  198  25:34  Spore Crawler  
  198  25:35  Spore Crawler  
  176  25:46  Overlord  
  176  25:47  Corruptor x5  
  176  26:12  Zergling x18  
  183  26:27  Zergling x22  
  177  27:00  Brood Lord x11  
  198  27:11  Hatchery  
  197  27:18  Corruptor  
  197  27:30  Overseer x3  
  197  27:33  Baneling x9  
  197  27:44  Corruptor  
  185  28:00  Corruptor x7  
  191  28:06  Zergling x18  
  199  28:16  Baneling x6  
  193  28:21  Zergling x22  
  187  28:31  Zergling x16  
  180  28:38  Zergling x4  
  180  28:39  Zergling x10  
  177  28:45  Zergling x12  
  162  28:58  Zergling x14  
  162  29:01  Zergling x2  
Tags
 
Add a new tag
Caveats
  • Supply blocks, unpowered buildings, or Contaminate may cause inaccurate times.
  • Supply counts are checked every 10 seconds.